 Dungeon Crawl Stone Soup version bcrawl-1.27.3 (webtiles) character file.

Game seed: 3705393795330841018

470544 esc the Fighter (level 13, -2/123 HPs)
             Began as a Hill Orc Archaeologist on Oct 15, 2020.
             Was the Champion of Okawaru.
             Slain by a dire elephant (17 damage)
             ... on level 3 of the Lair of Beasts.
             The game lasted 00:28:55 (12286 turns).

esc the Fighter (Hill Orc Archaeologist)           Turns: 12286, Time: 00:28:55

Health: -2/123     AC: 19    Str: 29    XL:     13   Next: 12%
Magic:  0/30       EV: 10    Int: 14    God:    Okawaru [******]
Gold:   747        SH:  5    Dex:  9    Spells: 12/12 levels left

rFire    + . .     SeeInvis +   f - +5 war axe "Maochyeg" {chop, +Blink rPois Str+7 SInv Stlth-}
rCold    + . .     Gourm    .   G - +0 buckler
rNeg     . . .     Faith    .   x - +2 scale mail {rF+}
rPois    +         Spirit   +   N - +0 hat of the Fiend {MR+ rCorr}
rElec    .         Reflect  .   J - +0 cloak
rCorr    +         Harm     .   M - +2 pair of gloves {Str+3}
MR       +....                  d - +1 pair of boots
Stlth    ..........             p - amulet of guardian spirit
HPRegen  0.30/turn              a - ring of protection from cold
MPRegen  0.22/turn              A - ring of magical power

@: slowed, very slow
A: no striking features
a: Heroism, Finesse, Renounce Religion, Evoke Blink


You were on level 3 of the Lair of Beasts.
You worshipped Okawaru.
Okawaru was exalted by your worship.
You were hungry.

You visited 3 branches of the dungeon, and saw 11 of its levels.
You also visited: Sewer, Ossuary and Ice Cave.

You collected 747 gold pieces.

Inventory:

Hand Weapons
 f - the +5 war axe "Maochyeg" (weapon) {chop, +Blink rPois Str+7 SInv Stlth-}
   (You found it on level 2 of the Lair of Beasts)

   It will always inflict at least some extra damage.
   This minimum extra damage increases with your current reserve of magical
   power.
   It affects your strength (+7).
   It protects you from poison.
   It lets you see invisible.
   It lets you blink.
   It makes you less stealthy.
 z - a +0 rapier of venom
 F - a +3 flail of protection
Armour
 d - a +1 pair of boots (worn)
 x - a +2 scale mail of fire resistance (worn)
 G - a +0 buckler (worn)
 J - a +0 cloak (worn)
 M - a +2 pair of gloves of strength (worn)
 N - the +0 hat of the Fiend (worn) {MR+ rCorr}
   (You found it in an ice cave)

   It affects your resistance to hostile enchantments.
   It provides partial protection from all sources of acid and corrosion.
Jewellery
 a - a ring of protection from cold (left hand)
 i - an uncursed amulet of rage
 o - an uncursed ring of insulation
 p - an amulet of guardian spirit (around neck)
 A - a ring of magical power (right hand)
Wands
 q - a wand of random effects (5)
 u - a wand of paralysis (4)
 y - a wand of flame (35)
 D - a wand of iceblast (27)
 I - a wand of digging (4)
Scrolls
 b - 4 scrolls of remove curse
 g - 2 scrolls of magic mapping
 j - a scroll of enchant weapon
 k - a scroll of enchant armour
 l - 7 scrolls of amnesia
 m - 2 scrolls of immolation
 n - a scroll of summoning
 w - 9 scrolls of teleportation
 B - 2 scrolls of fog
 P - a scroll of brand weapon {unknown}
Potions
 c - a potion of heal wounds
 h - 4 potions of curing
 r - 3 potions of brilliance
 s - 3 potions of flight
 t - 2 potions of cancellation
 v - 2 potions of ambrosia
 C - 2 potions of mutation
 E - 2 potions of berserk rage
 H - 2 potions of invisibility
 K - a potion of lignification
 L - a potion of haste {unknown}
Comestibles
 e - 11 rations {!d}
 O - 11 chunks of flesh


   Skills:
 + Level 13.8 Fighting
   Level 13.8 Short Blades
   Level 13.8 Long Blades
   Level 13.8 Axes
   Level 13.8 Maces & Flails
   Level 13.8 Polearms
   Level 13.8 Staves
 + Level 13.3 Armour
 - Level 3.0 Dodging
 - Level 2.6 Stealth
 - Level 5.0 Shields
   Level 13.8 Unarmed Combat
 + Level 11.4 Invocations
 - Level 5.0 Evocations


You had 12 spell levels left.
You didn't know any spells.
Your spell library contained the following spells:

 Spells                   Type           Power        Failure   Level  Hunger
 Apportation              Tloc           #.....       67%         1    None
 Corona                   Hex            #......      67%         1    None
 Infusion                 Chrm           #.......     67%         1    None
 Sandblast                Erth           #.....       67%         1    None
 Shock                    Conj/Air       #....        67%         1    None
 Slow                     Hex            #.......     67%         1    None
 Summon Butterflies       Summ           #.......     67%         1    None
 Ensorcelled Hibernation  Hex/Ice        #.....       82%         2    ####...
 Swiftness                Chrm/Air       #.......     82%         2    ####...
 Confuse                  Hex            #.......     96%         3    #####..
 Dazzling Orbs            Conj/Hex       #......      96%         3    #####..
 Static Discharge         Air            #.......     96%         3    #####..
 Tukima's Dance           Hex            #.......     96%         3    #####..
 Airstrike                Air            #.........   100%        4    ######.
 Lightning Bolt           Conj/Air       #.........   100%        5    #######


Dungeon Overview and Level Annotations

Branches:
Dungeon (7/12)             Temple (1/1) D:7            Lair (3/6) D:7
  Swamp: Lair:2-4    Shoals: Lair:2-4     Snake: Lair:2-4    Spider: Lair:2-4

Altars:
Ashenzari
Cheibriados
Dithmenos
Elyvilon
Fedhas
Gozag
Hepliaklqana
Kikubaaqudgha
Lugonu
Makhleb
Nemelex Xobeh
Okawaru
Qazlal
Ru
Sif Muna
Trog
Uskayaw
Vehumet
Wu Jian
Xom
Yredelemnul
Zin
The Shining One

Annotations:
Lair:3 1 transporter


Message History

You hit the dire elephant but do no damage.
Ssssck.
The dire elephant is heavily wounded.
The dire elephant tramples you.
You stumble backwards!
You slash the dire elephant!
The dire elephant is severely wounded.
The dire elephant tramples you!!
You hold your ground!
The dire elephant trunk-slaps you but does no damage.
The dire elephant barely misses you.
The dire elephant trunk-slaps you but does no damage.
You hit the dire elephant but do no damage.
Ssssck.
The dire elephant is severely wounded.
The dire elephant tramples you!!
* * * LOW HITPOINT WARNING * * *
You stumble backwards!
You hit the dire elephant.
Ssssck.
The dire elephant is severely wounded.
The dire elephant tramples you!!
You die...

♣....P.....##
♣..#....P...#
♣............##
♣..............
♣...........P#
♣....÷#.##..##.
♣♣.......##.....
♣♣.....p.........
♣........@......≈
♣♣........Y....#.≈
♣♣............##..≈
♣♣♣♣♣...........##.#
≈
........p........###
.................#
........./......##
..............÷<#
..............%%#


You could see a dire elephant and 2 neutral humans.

Vanquished Creatures
  Kirke (Lair:3)
  A hydra (Lair:3)
  2 death yaks (Lair:3)
  Nergalle (Lair:2)
  A necromancer (IceCv)
  11 elephants (Lair:3)
  2 cane toads
  2 black mambas
  An ice statue (IceCv)
  A torpor snail (Lair:3)
  10 freezing wraiths (IceCv)
  2 komodo dragons
  A polar bear (Lair:3)
  Grinder (D:5)
  A wolf spider simulacrum (IceCv)
  2 hippogriffs (Lair:3)
  A spriggan (Lair:3)
  17 yaks
  A wraith (D:7)
  2 wyverns
  A death yak simulacrum (IceCv)
  A basilisk (Lair:1)
  4 hogs (Lair:3)
  Edmund (D:5)
  Menkaure (Ossuary)
  3 crocodiles
  2 water moccasins
  Duvessa (D:4)
  3 porcupines
  7 ice beasts
  2 sky beasts (D:7)
  2 black bears (D:6)
  A phantom (D:4)
  A centaur (D:7)
  2 ogres
  6 wolves (Lair:3)
  7 bullfrogs
  Blork the orc (D:5)
  8 big kobolds
  Dowan (D:4)
  2 scorpions
  5 killer bees (D:7)
  A swamp dragon simulacrum (IceCv)
  An elephant simulacrum (IceCv)
  9 wights (D:6)
  3 howler monkeys
  3 centaur zombies (Ossuary)
  4 crimson imps
  3 bullfrog zombies (D:5)
  2 draconian simulacra (IceCv)
  4 hounds
  2 human zombies (Ossuary)
  An orc priest (D:5)
  A jelly (D:5)
  Crazy Yiuf (D:5)
  2 iguanas
  2 orc wizards
  Terence (D:2)
  5 worker ants
  6 troll simulacra (IceCv)
  A killer bee zombie (D:6)
  3 centaur simulacra (IceCv)
  2 ogre zombies (Ossuary)
  2 hound zombies
  2 hound skeletons (D:5)
  7 mummies
  4 gnolls (D:7)
  9 adders
  5 naga simulacra (IceCv)
  4 ogre simulacra (IceCv)
  2 river rats (Sewer)
  12 white imps (IceCv)
  3 oozes
  5 adder zombies
  An adder skeleton (D:7)
  3 worms
  A dart slug (D:1)
  10 leopard geckos
  12 orcs
  5 ball pythons
  A giant cockroach (D:1)
  13 goblins
  10 hobgoblins
  29 kobolds
  5 quokkas
  7 bats
  9 frilled lizards
  3 goblin zombies (Ossuary)
  7 hobgoblin zombies (Ossuary)
  A kobold zombie (Ossuary)
  An orc zombie (Ossuary)
  A quokka skeleton (D:4)
  4 quokka zombies (Ossuary)
  7 rats
  3 rat zombies (Ossuary)
  2 fungi
370 creatures vanquished.

Vanquished Creatures (others)
  78 fungi (Lair:3)
  22 plants (Lair:3)
100 creatures vanquished.

Grand Total: 470 creatures vanquished

Notes
Turn   | Place    | Note
-------+----------+-------------------------------------------
     0 | D:1      | esc the Hill Orc Archaeologist began the quest for the Orb.
     0 | D:1      | Reached XP level 1. HP: 16/16 MP: 1/1
   122 | D:1      | Reached XP level 2. HP: 22/24 MP: 2/2
   438 | D:1      | Reached XP level 3. HP: 29/30 MP: 3/3
   965 | D:2      | Noticed Terence
  1252 | D:2      | Reached XP level 4. HP: 31/38 MP: 4/4
  1900 | D:3      | Noticed an ogre
  2105 | D:3      | Reached XP level 5. HP: 32/46 MP: 3/5
  2105 | D:3      | Identified a scroll of acquirement
  2106 | D:3      | Identified the amulet "Ytihu" {Faith rF+ Str+3 Slay+3} (You
                  | acquired it on level 3 of the Dungeon)
  2148 | D:3      | Reached skill level 5 in Fighting
  2454 | D:3      | Reached XP level 6. HP: 52/56 MP: 4/6
  2507 | D:3      | Reached skill level 1 in Armour
  2610 | D:3      | Found a white marble altar of Elyvilon.
  2893 | D:2      | Killed Terence
  2937 | D:4      | Noticed Duvessa
  2937 | D:4      | Noticed Dowan
  3240 | D:4      | Killed Duvessa
  3277 | D:4      | Killed Dowan
  3277 | D:4      | Reached XP level 7. HP: 13/64 MP: 2/7
  3430 | D:4      | Found a glowing drain.
  3452 | Sewer    | Entered a sewer
  3913 | Sewer    | Reached skill level 5 in Armour
  3913 | Sewer    | Reached XP level 8. HP: 73/74 MP: 8/8
  4242 | D:4      | Found a corrupted altar of Lugonu.
  4544 | D:5      | Entered Level 5 of the Dungeon
  4628 | D:5      | Noticed Blork the orc
  4637 | D:5      | Killed Blork the orc
  4706 | D:5      | Noticed Edmund
  4728 | D:5      | Killed Edmund
  4875 | D:5      | Found a hide-covered altar of Uskayaw.
  4887 | D:5      | Reached XP level 9. HP: 81/85 MP: 9/9
  4918 | D:5      | Reached skill level 10 in Fighting
  4978 | D:5      | Found an ornate altar of the Wu Jian Council.
  5048 | D:5      | Noticed Grinder
  5064 | D:5      | Reached skill level 1 in Shields
  5086 | D:5      | Killed Grinder
  5354 | D:5      | Found a runed door.
  5358 | D:5      | Noticed Crazy Yiuf
  5362 | D:5      | Killed Crazy Yiuf
  5572 | D:6      | Reached skill level 1 in Evocations
  5753 | D:6      | Found a sand-covered staircase.
  5765 | Ossuary  | Entered an ossuary
  6129 | Ossuary  | Noticed Menkaure
  6141 | Ossuary  | Killed Menkaure
  6146 | Ossuary  | Reached XP level 10. HP: 75/95 MP: 12/12
  6753 | D:7      | Found a staircase to the Ecumenical Temple.
  6762 | Temple   | Entered the Ecumenical Temple
  7057 | Temple   | Became a worshipper of Warmaster Okawaru
  7489 | D:7      | Found a staircase to the Lair.
  7637 | D:7      | Found a burning altar of Makhleb.
  7637 | D:7      | Noticed a balrug
  7640 | D:7      | Noticed an orange demon
  7774 | Lair:1   | Entered Level 1 of the Lair of Beasts
  7778 | Lair:1   | Noticed a black mamba
  7802 | Lair:1   | Killed a black mamba
  7802 | Lair:1   | Reached * piety under Okawaru
  7802 | Lair:1   | Reached skill level 1 in Invocations
  7815 | Lair:1   | Reached skill level 5 in Evocations
  7825 | Lair:1   | Reached skill level 10 in Armour
  7997 | Lair:1   | Reached ** piety under Okawaru
  8502 | Lair:1   | Reached XP level 11. HP: 104/104 MP: 14/14
  9129 | Lair:2   | Noticed Nergalle
  9143 | Lair:1   | Reached skill level 5 in Shields
  9221 | Lair:2   | Found a frozen archway.
  9257 | IceCv    | Entered an ice cave
  9267 | IceCv    | Reached skill level 5 in Invocations
  9281 | IceCv    | Reached *** piety under Okawaru
  9810 | IceCv    | Reached **** piety under Okawaru
  9884 | IceCv    | Found an ancient bone altar of Kikubaaqudgha.
 10597 | IceCv    | Noticed a necromancer
 10609 | IceCv    | Killed a necromancer
 10749 | IceCv    | Got an ichor-stained hat
 10760 | IceCv    | Identified the cursed +0 hat of the Fiend {MR+ rCorr} (You
                  | found it in an ice cave)
 10905 | Lair:2   | Reached ***** piety under Okawaru
 10995 | Lair:2   | Reached XP level 12. HP: 83/115 MP: 18/18
 11208 | Lair:2   | Killed Nergalle
 11253 | Lair:2   | Got an ichor-stained war axe
 11254 | Lair:2   | Identified the +5 war axe "Maochyeg" {chop, +Blink rPois
                  | Str+7 SInv Stlth-} (You found it on level 2 of the Lair of
                  | Beasts)
 11313 | Lair:2   | Noticed a four-headed hydra
 11385 | Lair:2   | Noticed a six-headed hydra
 11406 | Lair:3   | Received a gift from Okawaru
 11525 | Lair:3   | Noticed a five-headed hydra
 11541 | Lair:3   | Killed a six-headed hydra
 11749 | Lair:3   | Noticed a death yak
 11751 | Lair:3   | Noticed a death yak
 11780 | Lair:3   | Killed a death yak
 11790 | Lair:3   | Reached skill level 10 in Invocations
 11791 | Lair:3   | Killed a death yak
 12187 | Lair:3   | Found a transporter.
 12239 | Lair:3   | Noticed Kirke
 12255 | Lair:3   | Reached ****** piety under Okawaru
 12258 | Lair:3   | Reached XP level 13. HP: 122/123 MP: 21/21
 12265 | Lair:3   | Killed Kirke
 12270 | Lair:3   | Noticed a dire elephant
 12286 | Lair:3   | Slain by a dire elephant

Skill      XL: |  1  2  3  4  5  6  7  8  9 10 11 12 |
---------------+-------------------------------------+-----
Fighting       | 2 3 4 5 6 8 9 11 12 13 | 13.8
Armour         | 3 5 7 9 10 11 13 | 13.3
Shields        | 3 4 5 |  5.0
Evocations     | 3 5 |  5.0
Invocations    | 3 8 11 | 11.4
Dodging        | 3 |  3.0
Short Blades   | | 13.8
Long Blades    | | 13.8
Axes           | | 13.8
Maces & Flails | | 13.8
Polearms       | | 13.8
Staves         | | 13.8
Stealth        | |  2.6
Unarmed Combat | | 13.8

Action                   |  1- 3 |  4- 6 |  7- 9 | 10-12 | 13-15 || total
-------------------------+-------+-------+-------+-------+-------++-------
Melee: Whip              |   185 |   313 |       |       |       ||   498
       Punch             |     2 |     6 |    11 |       |       ||    19
       Rapier            |       |       |   593 |   478 |       ||  1071
       Flail             |       |       |       |   219 |       ||   219
       War axe           |       |       |       |   134 |    17 ||   151
Invok: Heroism           |       |       |       |     6 |       ||     6
  Use: Scroll            |     2 |     1 |     2 |    14 |       ||    19
       Potion            |       |     2 |     5 |     2 |       ||     9
 Stab: Sleeping          |     5 |       |       |       |       ||     5
  Eat: Chunk             |     6 |    12 |    22 |    13 |       ||    53
       Ration            |       |       |       |     7 |       ||     7
Armor: Robe              |    68 |    40 |       |       |       ||   108
       Ring mail         |       |    39 |       |       |       ||    39
       Scale mail        |       |    29 |   190 |   475 |     9 ||   703
       Skin              |       |       |       |    56 |       ||    56
Dodge: Dodged            |   110 |   186 |   167 |   355 |     9 ||   827
Block: Buckler           |       |       |    26 |   161 |     5 ||   192
